 Dungeon Crawl Stone Soup version 0.28.0-53-g5a82cb258f (webtiles) character file.

Game seed: 16485121491906517210

6594 jjjjhere the Destroyer (level 10, -3/50 HPs)
             Began as a Deep Elf Ice Elementalist on Aug 8, 2022.
             Was a Follower of Ru.
             Slain by a red ugly thing (6 damage)
             ... on level 10 of the Dungeon.
             The game lasted 00:30:25 (13929 turns).

jjjjhere the Destroyer (Deep Elf Ice Elementalist) Turns: 13929, Time: 00:30:26

Health: -3/50      AC:  8    Str:  5    XL:     10   Next: 71%
Magic:  21/35      EV: 12    Int: 25    God:    Ru [*.....]
Gold:   690        SH:  5    Dex: 15    Spells: 13/29 levels left

rFire   + . .      SeeInvis .   v - +5 hunting sling of Sulphur {freeze, rElec rF+ rN+}
rCold   . . .      Faith    .   y - +0 buckler
rNeg    + + .      Spirit   .   C - +0 robe of Untruth {rN+ Regen+}
rPois   .          Reflect  .   t - +0 helmet
rElec   +          Harm     .   k - scarf {repulsion}
rCorr   .          Rampage  .   (no gloves)
Will    +....                   f - +0 pair of boots
Stlth   +.........              (no amulet)
HPRegen 0.96/turn               i - ring of magical power
MPRegen 0.24/turn               G - +4 ring of protection

@: contaminated, glowing, repel missiles
A: missing an eye
a: Renounce Religion


You were on level 10 of the Dungeon.
You worshipped Ru.
Ru was aware of your devotion.
You visited 2 branches of the dungeon, and saw 12 of its levels.

You collected 690 gold pieces.

Inventory:

Hand Weapons
 d - a +1 vorpal dagger
 q - a +3 dagger of venom
 v - the +5 hunting sling of Sulphur (weapon) {freeze, rElec rF+ rN+}
   (You found it on level 4 of the Dungeon)

   Any ammunition fired from it freezes those it strikes, dealing additional
   cold damage.
   It can also slow down cold-blooded creatures.
   rF:        It protects you from fire.
   rElec:     It insulates you from electricity.
   rN:        It protects you from negative energy.
 D - the +5 spear of Zeucwodu {flame, rElec rN+ Str+3 SInv}
   (You took it off a kobold on level 9 of the Dungeon)

   It burns those it strikes, dealing additional fire damage.
   Str:       It affects your strength (+3).
   rElec:     It insulates you from electricity.
   rN:        It protects you from negative energy.
   SInv:      It lets you see invisible.
Missiles
 r - 25 poisoned darts
 u - 197 stones (quivered ammo)
 w - 3 throwing nets
Armour
 f - a +0 pair of boots (worn)
 k - a scarf of repulsion (worn)
 t - a +0 helmet (worn)
 y - a +0 buckler (worn)
 C - the +0 robe of Untruth (worn) {rN+ Regen+}
   (You found it on level 8 of the Dungeon)

   rN:        It protects you from negative energy.
   Regen:     It increases your rate of health regeneration.
Jewellery
 i - a ring of magical power (left hand)
 G - a +4 ring of protection (right hand)
Wands
 e - a wand of acid (9)
 o - a wand of mindburst (15)
 B - a wand of iceblast (8)
Scrolls
 a - a scroll of enchant armour {unknown}
 p - 2 scrolls of enchant weapon
 s - a scroll of amnesia
 E - 3 scrolls of teleportation
Potions
 b - 3 potions of magic
 c - 3 potions of attraction
 g - 4 potions of haste
 h - 3 potions of flight
 j - a potion of cancellation {unknown}
 l - 2 potions of berserk rage
 m - a potion of resistance {unknown}
 n - a potion of invisibility
 z - a potion of lignification {unknown}
 A - a potion of heal wounds {unknown}
Miscellaneous
 F - a condenser vane


   Skills:
 - Level 2.6 Slings
 - Level 2.4 Dodging
 - Level 2.4 Stealth
 - Level 3.8 Shields
 - Level 10.0 Spellcasting
 * Level 12.5 Conjurations
 - Level 5.0 Transmutations
 - Level 7.0 Ice Magic


You had 13 spell levels left.
You knew the following spells:

 Your Spells              Type           Power      Damage    Failure   Level
a - Freeze                Ice            100%       1d11      1%          1
b - Frozen Ramparts       Ice            94%        1d11      1%          3
c - Ozocubu's Armour      Ice            47%        N/A       1%          3
d - Hailstorm             Conj/Ice       57%        3d12      1%          4
e - Irradiate             Conj/Tmut      27%        3d22      4%          5

Your spell library contained the following spells:

 Spells                   Type           Power      Damage    Failure   Level
 Beastly Appendage        Tmut           74%        N/A       1%          1
 Wereblood                Tmut           37%        N/A       1%          2
 Spider Form              Tmut/Pois      25%        N/A       7%          3
 Sublimation of Blood     Necr           12%        N/A       10%         2
 Lightning Bolt           Conj/Air       21%        1d36      13%         5
 Summon Guardian Golem    Hex/Summ       12%        N/A       19%         3
 Petrify                  Tmut/Erth      25%        N/A       22%         4
 Orb of Destruction       Conj           33%        9d10      30%         7
 Airstrike                Air            6%         N/A       52%         4
 Summon Lightning Spire   Summ/Air       12%        N/A       52%         4
 Spellforged Servitor     Conj/Summ      21%        N/A       99%         7


Dungeon Overview and Level Annotations

Branches:
Dungeon (11/15)            Temple (1/1) D:7
   Lair: D:8-11         Orc: D:9-12

Altars:
Ashenzari
Cheibriados
Dithmenos
Elyvilon
Fedhas
Gozag
Hepliaklqana
Kikubaaqudgha
Makhleb
Nemelex Xobeh
Okawaru
Qazlal
Ru
Sif Muna
Trog
Uskayaw
Vehumet
Wu Jian
Xom
Yredelemnul
Zin
The Shining One

Portals:
Trove: D:10 (give +4 demon trident)


Innate Abilities, Weirdness & Mutations

You are missing an eye, making it more difficult to aim.


Message History

You block the centaur's attack. The centaur barely misses you.
You climb upwards.
Reactivating autopickup.
There is a stone staircase leading down here.
Unknown command.
The centaur wields a +0 shortbow.
The centaur shoots an arrow.
You block the arrow.
Casting: Freeze (safe; 1% risk of failure)
Confirm with . or Enter, or press ? or * to list all spells.
You erupt in a fountain of uncontrolled magic!
The purple ugly thing is blasted with magical radiation!
The purple ugly thing is moderately wounded.
The purple ugly thing basks in the mutagenic energy and changes!
You are very lightly contaminated with residual magic.
The cyan ugly thing punches you. The cyan ugly thing shocks you. You resist.
Casting: Irradiate (dangerous; 4% risk of failure)
Confirm with . or Enter, or press ? or * to list all spells.
You miscast Irradiate.
You feel a strange surge of energy.
You are contaminated with residual magic.
The centaur shoots an arrow.
The arrow barely misses you. The cyan ugly thing punches you.
The cyan ugly thing shocks you. You resist.
Casting: Irradiate (dangerous; 4% risk of failure)
Confirm with . or Enter, or press ? or * to list all spells.
You erupt in a fountain of uncontrolled magic!
The cyan ugly thing is blasted with magical radiation!!
The cyan ugly thing is severely wounded.
The cyan ugly thing basks in the mutagenic energy and changes!
The centaur shoots an arrow.
The arrow closely misses you. The red ugly thing tentacle-slaps you!
* * * LOW HITPOINT WARNING * * *
You are engulfed in flames!
You resist.
* * * LOW HITPOINT WARNING * * *
Okay, then.
Okay, then.
Okay, then.
The centaur shoots an arrow.
You block the arrow.
You feel better. The red ugly thing tentacle-slaps you!
* * * LOW HITPOINT WARNING * * *
You are engulfed in flames.
You resist.
You die...

###### #.#...#..........#
########....####.#...............
...............#.#...#..........#
####.#._.#.###.#.##.##.......>...
...........# #.#.#...#........#.#
###..####### #.#.#............#.#
#.## #.#.#...#.#.####.#.. #.#
#.#.#...#.#......###
#.##########.#@#>..._..........
###............#.u...#.##########
.................#.#...#########
################)#...........<.#
#.#.###########.# #.#.........#
#.# #.#########.# #.#
#..)..).....# #.# ########.####
#.#


You could see a red ugly thing.

Vanquished Creatures
  A troll (D:9)
  2 vampires
  4 yaks (D:8)
  2 steam dragons
  5 vampire mosquitoes
  An acid dragon (D:11)
  2 water moccasins
  A hornet zombie (D:7)
  4 orc warriors
  2 ice beasts
  5 boggarts (D:10)
  4 necrophages (D:7)
  2 centaurs
  2 ogres
  2 kobold brigands
  2 bullfrogs
  6 scorpions
  4 howler monkeys
  9 wights
  3 centaur zombies
  3 hounds
  2 orc priests
  3 centaur skeletons (D:5)
  A human zombie (D:7)
  2 jellies
  2 bullfrog skeletons (D:6)
  2 iguanas
  7 orc wizards
  2 killer bee zombies
  A hound skeleton (D:4)
  A mummy (D:7)
  A howler monkey zombie (D:7)
  6 gnolls
  9 adders
  7 white imps
  2 worms (D:2)
  3 dart slugs
  31 orcs
  11 endoplasms
  2 giant cockroaches
  10 hobgoblins
  3 jackals (D:1)
  7 quokkas
  8 ball pythons
  6 frilled lizards
  11 goblins
  22 kobolds
  3 rats
231 creatures vanquished.

Vanquished Creatures (others)
  45 fungi (D:11)
  35 plants (D:11)
80 creatures vanquished.

Grand Total: 311 creatures vanquished

Notes
Turn   | Place    | Note
-------+----------+-------------------------------------------
     0 | D:1      | jjjjhere the Deep Elf Ice Elementalist began the quest for
                  | the Orb.
     0 | D:1      | Reached XP level 1. HP: 10/10 MP: 6/6
   178 | D:1      | HP: 3/10 [kobold/+0 whip (2)]
   458 | D:1      | Reached XP level 2. HP: 15/15 MP: 5/8
  1215 | D:1      | Reached skill level 5 in Ice Magic
  1215 | D:1      | Reached XP level 3. HP: 19/19 MP: 8/10
  1219 | D:1      | Learned a level 3 spell: Frozen Ramparts
  1223 | D:1      | Learned a level 3 spell: Ozocubu's Armour
  1505 | D:2      | HP: 6/19 [poisoned by an adder]
  1509 | D:2      | HP: 2/19 [poisoned by an adder]
  1849 | D:2      | Reached XP level 4. HP: 24/24 MP: 2/12
  2190 | D:2      | Learned a level 4 spell: Hailstorm
  2279 | D:2      | Reached skill level 5 in Spellcasting
  2611 | D:2      | Reached skill level 1 in Conjurations
  2710 | D:2      | Found a faded altar of an unknown god.
  3154 | D:3      | Reached XP level 5. HP: 28/28 MP: 14/14
  3942 | D:4      | Identified the +5 hunting sling of Sulphur {freeze, rElec
                  | rF+ rN+}
  4154 | D:4      | Reached skill level 2 in Conjurations
  4448 | D:4      | Found a snail-covered altar of Cheibriados.
  4539 | D:4      | Reached XP level 6. HP: 32/32 MP: 16/16
  4738 | D:5      | Entered Level 5 of the Dungeon
  4833 | D:5      | Noticed a water moccasin
  4839 | D:5      | Killed a water moccasin
  4840 | D:5      | Reached skill level 3 in Conjurations
  4902 | D:5      | Reached XP level 7. HP: 36/36 MP: 19/19
  5288 | D:5      | Reached skill level 4 in Conjurations
  5774 | D:5      | HP: 11/36 [white imp/puff of frost (4)]
  6301 | D:6      | Reached skill level 1 in Slings
  6628 | D:6      | Reached skill level 5 in Conjurations
  6725 | D:6      | Reached XP level 8. HP: 38/41 MP: 21/21
  6758 | D:6      | Reached skill level 6 in Conjurations
  6850 | D:6      | You fall into a shaft and drop 3 floors!
  7378 | D:6      | Found a hide-covered altar of Uskayaw.
  7759 | D:7      | Found a staircase to the Ecumenical Temple.
  7889 | Temple   | Entered the Ecumenical Temple
  8022 | Temple   | Became a worshipper of Ru the Awakened
  8106 | D:7      | Found a white marble altar of Elyvilon.
  8136 | D:7      | Reached skill level 7 in Conjurations
  8277 | D:7      | Found a shimmering blue altar of Sif Muna.
  8288 | D:7      | Reached skill level 1 in Shields
  8768 | D:7      | Reached XP level 9. HP: 42/45 MP: 24/24
  8792 | D:7      | Learned a level 5 spell: Irradiate
  8802 | D:7      | Reached skill level 8 in Conjurations
  8921 | D:7      | Reached skill level 1 in Transmutations
  9279 | D:7      | Found a basalt altar of Yredelemnul.
  9597 | D:8      | Found a stormy altar of Qazlal.
  9710 | D:8      | Identified the +0 robe of Untruth {rN+ Regen+}
  9883 | D:8      | Reached skill level 9 in Conjurations
 10218 | D:8      | Reached skill level 10 in Conjurations
 10223 | D:8      | Gained mutation: You are missing an eye, making it more
                  | difficult to aim. [Ru sacrifice]
 10223 | D:8      | Reached * piety under Ru
 10833 | D:9      | Reached XP level 10. HP: 50/50 MP: 25/25
 11004 | D:9      | Identified the +5 spear of Zeucwodu {flame, rElec rN+ Str+3
                  | SInv}
 11101 | D:9      | Found an iron altar of Okawaru.
 11101 | D:9      | Found a bloodstained altar of Trog.
 11938 | D:9      | Reached skill level 5 in Transmutations
 12268 | D:10     | Entered Level 10 of the Dungeon
 12320 | D:10     | Reached skill level 11 in Conjurations
 12364 | D:10     | Found a glowing golden altar of the Shining One.
 12407 | D:10     | Found a shadowy altar of Dithmenos.
 12600 | D:10     | Found a blossoming altar of Fedhas.
 13046 | D:10     | Reached skill level 10 in Spellcasting
 13349 | D:10     | Found a portal to a secret trove of treasure.
 13556 | D:11     | Noticed a purple ugly thing
 13715 | D:11     | Reached skill level 12 in Conjurations
 13853 | D:11     | Noticed a two-headed ogre
 13898 | D:11     | Noticed a two-headed ogre
 13927 | D:10     | HP: 9/50 [red ugly thing (12)]
 13927 | D:10     | HP: 1/50 [red ugly thing (8)]
 13929 | D:10     | Slain by a red ugly thing

Illustrated notes

Levels and vault maps discovered:
D:1:      denvon_arrival_planthouse, layout_basic, minmay_misc_feat_enclosed
D:2:      minmay_angry_zag, layout_basic,
          shapermc_ecumenical_altar_starsandcircs, st_stairs_14
D:3:      layout_loops_ring
D:4:      layout_loops_ring, mainiacjoe_overflow_brackets
D:5:      layout_loops_ring
D:6:      layout_basic, nicolae_uskayaw_dance_studio
D:7:      layout_loops_cross, lemuel_mausoleum_altar_yredelemnul,
          mainiacjoe_overflow_boulevard, mainiacjoe_overflow_chevrons,
          temple_doors_e
D:8:      layout_layer_cave, lemuel_round_altar, grunt_ministairs_11
D:9:      layout_basic, grunt_temple_overflow_bloody_war, serial_bayou_pond_e
D:10:     layout_basic, lemuel_crystal_altar, mainiacjoe_overflow_tiny_flanked,
          nicolae_overflow_crystal_walls, enter_trove_6, serial_rivers,
          chequers_serial_rivers_room_a, chequers_serial_rivers_small_b,
          chequers_serial_rivers_room_b, chequers_serial_rivers_marsh,
          chequers_serial_rivers_small_b
D:11:     layout_rooms, due_lair_maze_entry_diamond, orc_david_3
Temple:   jpeg_temple_clearing

Skill      XL: |  1  2  3  4  5  6  7  8  9 10 |
---------------+-------------------------------+-----
Spellcasting   | 4 5 6 7 9 10 | 10.0
Ice Magic      | 5 6 7 |  7.0
Conjurations   | 1 2 3 5 7 10 12 | 12.5
Slings         | 1 2 |  2.6
Shields        | 1 3 |  3.8
Transmutations | 4 5 |  5.0
Dodging        | |  2.4
Stealth        | |  2.4

Action                   |  1- 3 |  4- 6 |  7- 9 | 10-12 || total
-------------------------+-------+-------+-------+-------++-------
Melee: Dagger            |     6 |    35 |       |       ||    41
 Fire: Hunting sling     |       |    52 |   252 |    78 ||   382
 Cast: Freeze            |    49 |    36 |    13 |    27 ||   125
       Frozen Ramparts   |     2 |    16 |    47 |    21 ||    86
       Ozocubu's Armour  |     2 |     9 |    35 |    14 ||    60
       Hailstorm         |       |     2 |    10 |    18 ||    30
       Irradiate         |       |       |       |    10 ||    10
Invok: Sacrifice an Eye  |       |       |     1 |       ||     1
Evoke: Wand              |       |       |     7 |       ||     7
  Use: Scroll            |       |       |    14 |     3 ||    17
       Potion            |       |       |       |     1 ||     1
 Stab: Sleeping          |     2 |     6 |       |       ||     8
Armor: Robe              |     4 |    27 |    64 |    29 ||   124
Dodge: Dodged            |    18 |    45 |   113 |    55 ||   231
       Repelled          |       |       |     1 |     1 ||     2
Block: Buckler           |       |       |    22 |    17 ||    39
